[Event "Summer Chess Classic-B 2022"]
[Site "Saint Louis"]
[Date "2022.05.09"]
[Round "8.2"]
[White "Harutyunyan, Tigran K."]
[Black "Yoo, Christopher Woojin"]
[Result "1-0"]
[ECO "D43"]
[WhiteElo "2550"]
[BlackElo "2535"]
[Annotator "TA"]
[PlyCount "111"]
[EventDate "2022.05.31"]
[EventType "tourn"]
[EventCountry "USA"]
[SourceTitle "playchess.com"]
[Source "ChessBase"]
[SourceQuality "1"]
[TimeControl "40/5400+30:1800+30"]

1. Nf3 Nf6 2. c4 e6 3. Nc3 d5 4. d4 c6 5. Bg5 h6 6. Bxf6 Qxf6 7. e3 g6 8. Bd3 {[%emt 0:00:33] D43: Semi-Slav: 5 Bg5 h6.} Bg7 9. O-O O-O 10. Rc1 {[%emt 0:01:35] The position is equal.} Qe7 11. Qe2 Nd7 12. Rfd1 dxc4 13. Bxc4 e5 14. d5 e4 $1 15. Nd2 {[%emt 0:18:06] [#]} Bxc3 $146 ({Predecessor:} 15... Nf6 16. dxc6 bxc6 17. h3 Rd8 18. Nb3 {1-0 (18) Kirpikov,A-Marievsky,M RCCA 2004}) 16. d6 $36 {[%emt 0:06:11][%mdl 2048] White is pushing.} Qe5 17. Rxc3 Nf6 18. f4 $1 Qe8 19. h3 {[%emt 0:10:10] Prevents Bg4.} Bd7 20. Bb3 {[%emt 0:04:04] Black must now prevent Qc4.} Rd8 {[%emt 0:04:08] [#]} (20... Be6 $1 $11 {remains equal.}) 21. Qc4 $1 $16 {[%emt 0:05:48] Qd4 is the strong threat. White is more active.} Be6 {[%emt 0:05:46] [#]} 22. Nxe4 $1 Nxe4 23. Qxe4 Bf5 $2 {[%emt 0:00:18] This move loses the game for Black.} (23... Bxb3 $16 {was called for.} 24. Qxe8 Rfxe8 25. Rxb3 Rd7) 24. Qd4 $18 b6 25. Qa4 c5 26. Qxa7 Qc6 27. Bd5 Qb5 28. Rb3 Qe8 29. e4 Bxe4 {[%emt 0:01:38] aiming for ...Bc2.} 30. Re1 Bxd5 (30... Qd7 $142 31. Qxd7 Rxd7) 31. Rxe8 Rfxe8 32. Rxb6 Re1+ 33. Kf2 Ree8 34. d7 Rf8 35. Rd6 Be6 36. Qxc5 Rxd7 37. Rxd7 Bxd7 {[%emt 0:00:03][%mdl 4096] Endgame KQ-KRB} 38. Qd6 Bb5 39. b3 Rc8 40. Qd2 Bc6 41. Qd3 Bb7 42. a4 Rc1 43. b4 Bc8 44. b5 Bf5 45. Qd8+ Kh7 46. g4 Be6 47. b6 Rc2+ 48. Ke3 {[%emt 0:00:00] And now b7 would win.} Rc3+ 49. Kd2 Rb3 50. Kc2 Rb4 51. Qd6 Rc4+ 52. Kb2 Bc8 53. a5 {[%emt 0:00:00] White threatens Qf8 and mate.} Kg7 {[%emt 0:00:00] Inhibits Qf8+.} 54. Qe5+ Kf8 55. f5 Rc6 56. f6 {[%emt 0:00:00] Weighted Error Value: White=0.04 (flawless) /Black=0.36} 1-0

[Event "Summer Chess Classic-B 2022"]
[Site "Saint Louis"]
[Date "2022.05.09"]
[Round "8.4"]
[White "Vazquez, Guillermo"]
[Black "Zhou, Jianchao"]
[Result "1/2-1/2"]
[ECO "B22"]
[WhiteElo "2557"]
[BlackElo "2589"]
[Annotator "TA"]
[PlyCount "70"]
[EventDate "2022.05.31"]
[EventType "tourn"]
[EventCountry "USA"]
[SourceTitle "playchess.com"]
[Source "ChessBase"]
[SourceQuality "1"]
[TimeControl "40/5400+30:1800+30"]

1. e4 c5 2. Nf3 e6 3. c3 Nf6 4. e5 Nd5 5. d4 cxd4 6. cxd4 d6 7. Bc4 Be7 8. O-O Nc6 9. Qe2 O-O 10. Qe4 dxe5 11. dxe5 Qb6 {[%emt 0:00:11] [#] B22: Sicilian: 2 c3.} 12. h4 $146 ({Predecessor:} 12. Nc3 Ncb4 13. a3 Nxc3 14. bxc3 Nd5 15. Bd3 f5 16. exf6 Nxf6 17. Qh4 Qc7 18. Bb2 h6 19. c4 {½-½ (32) Janovsky,S (2445)-Werndl,E Werfen 1993}) 12... Bd7 13. Nbd2 ({Better is} 13. Nc3 $14) 13... Na5 $11 {[%emt 0:05:57] The position is equal.} 14. Bd3 {[%emt 0:14:12][%csl Gd3][%cal Re4h7] [#]} ({Reject} 14. Bxd5 exd5 15. Qf4 (15. Qxd5 Bb5 $17) 15... f6 $15) 14... g6 15. Nc4 Nxc4 16. Bxc4 Bb5 17. b3 Rac8 18. Bd2 {[%emt 0:05:45] Inhibits Nc3.} Qa6 19. Bxb5 Qxb5 20. h5 Nc3 21. Bxc3 Rxc3 22. Rac1 Rcc8 23. Rfd1 a6 24. Qf4 Rxc1 25. Rxc1 Qd7 {[%emt 0:01:06] Prevents Rc7.} 26. Ng5 h6 27. Ne4 g5 28. Nf6+ Bxf6 29. Qxf6 Rc8 30. Rxc8+ Qxc8 {[%emt 0:00:02] KQ-KQ} 31. Kh2 Qc1 32. Qd8+ Kg7 33. Qf6+ Kg8 34. Qd8+ Kg7 35. Qf6+ Kg8 {[%emt 0:00:05] Weighted Error Value: White=0.05 (flawless) /Black=0.04 (flawless)} 1/2-1/2

[Event "Summer Chess Classic-B 2022"]
[Site "Saint Louis"]
[Date "2022.05.09"]
[Round "8.5"]
[White "Checa, Nicolas"]
[Black "Dragun, Kamil"]
[Result "1/2-1/2"]
[ECO "D38"]
[WhiteElo "2533"]
[BlackElo "2571"]
[Annotator "TA"]
[PlyCount "86"]
[EventDate "2022.05.31"]
[EventType "tourn"]
[EventCountry "USA"]
[SourceTitle "playchess.com"]
[Source "ChessBase"]
[SourceQuality "1"]
[TimeControl "40/5400+30:1800+30"]

1. d4 Nf6 2. c4 e6 3. Nf3 d5 4. Nc3 Bb4 5. Qb3 c5 6. dxc5 Na6 {[%emt 0:00:39][%cal Bb8a6,Ba6c5,Bc5b3][%mdl 32] D38: Queen's Gambit Declined: Ragozin Defence (4 Nf3 Bb4).} 7. a3 Bxc3+ 8. Qxc3 {[%emt 0:00:13] And now b4 would win.} Nxc5 9. cxd5 Qxd5 {[%emt 0:00:26] [#]} 10. Qe5 $146 ({Predecessor:} 10. Be3 Nce4 11. Qe5 Qxe5 12. Nxe5 Nd5 13. Bc1 Bd7 14. f3 Nc5 15. e4 Nb3 16. Rb1 {½-½ (35) Vallejo Pons,F (2694)-Wojtaszek,R (2748) Batumi 2019}) 10... Nb3 11. Rb1 O-O 12. e3 Bd7 13. Qxd5 exd5 14. Bd3 {[%emt 0:00:19] Inhibits Bf5.} Rac8 15. Bd2 Ne4 {[%emt 0:02:15] Pair of Knights!} 16. Bb4 Rfe8 17. Bxe4 dxe4 18. Nd4 Nxd4 19. exd4 e3 20. fxe3 Bf5 21. Rd1 Bg4 {[%emt 0:01:11] Strongly threatening ...Rc2.} 22. Rb1 Rxe3+ 23. Kf2 Re2+ 24. Kg3 Bf5 25. Rhe1 Rec2 26. Re7 h5 27. h4 (27. Rxb7 $2 Be4 28. Re7 Rxg2+ 29. Kh3 Rg4 30. Rxe4 Rxe4 $19) 27... R8c6 {[%emt 0:03:40] Threatens to win with ...Rg6+.} 28. d5 Rg6+ 29. Kf4 $1 Rf2+ 30. Ke3 Rgxg2 31. d6 $1 Re2+ 32. Kf4 {[%emt 0:01:21] [#]} (32. Kd4 $11 {was the only way to keep the balance.}) 32... Ref2+ $2 ({Worse is} 32... Bxb1 33. d7 Rgf2+ 34. Kg3 Rg2+ 35. Kf4 Ref2+ 36. Ke3 Re2+ 37. Kf4 $11) (32... Be4 $1 $17 33. Re1 (33. Re8+ $2 Kh7 $19) 33... Rgf2+ 34. Ke5 Rf5+ 35. Kd4 Rd5+ 36. Kc4 b5+ 37. Kb3 Rd3+ 38. Ka2 Rxe1 39. Bxe1 Bd5+ 40. b3 Bxb3+ 41. Kb2 Be6 42. Rxa7 Rxd6) 33. Ke3 $1 $11 Re2+ $2 (33... Bxb1 $11 34. d7 Re2+ 35. Kf3 Ref2+ 36. Ke3 Re2+ 37. Kf3 Rgf2+ 38. Kg3 Rg2+ 39. Kf3) 34. Kf4 $19 {[%emt 0:00:15] [#] Black must now prevent Rxe2.} Bxb1 $2 ({Better is} 34... Be4 $1 $19 {( -> ...Rg4+)} 35. Re1 (35. Re8+ $2 Kh7 $19) 35... Rgf2+ 36. Ke5 Rf5+ 37. Kd4 Rd5+ 38. Kc4 b5+ 39. Kb3 Rd3+ 40. Ka2 Rxe1 41. Bxe1 Bd5+ 42. b3 Bxb3+ 43. Kb2 Be6 44. Rxa7 Rxd6 45. Ra8+ Kh7) 35. d7 $11 {[%emt 0:00:27] The position is equal.} Rgf2+ 36. Kg3 Rg2+ 37. Kf4 Rgf2+ 38. Kg3 Rg2+ 39. Kf4 g5+ 40. hxg5 Rgf2+ 41. Kg3 {[%emt 0:30:19] Rxe2 would kill now.} Rg2+ 42. Kf4 Rgf2+ 43. Kg3 Rg2+ {[%emt 0:00:54] Weighted Error Value: White=0.10 (very precise) /Black=0.15 (very precise)} 1/2-1/2

[Event "Summer Chess Classic-B 2022"]
[Site "Saint Louis"]
[Date "2022.06.10"]
[Round "9.1"]
[White "Dragun, Kamil"]
[Black "Harutyunyan, Tigran K."]
[Result "1-0"]
[ECO "C54"]
[WhiteElo "2571"]
[BlackElo "2550"]
[Annotator "TA"]
[PlyCount "53"]
[EventDate "2022.05.31"]
[EventType "tourn"]
[EventCountry "USA"]
[SourceTitle "playchess.com"]
[Source "ChessBase"]
[SourceQuality "1"]
[TimeControl "40/5400+30:1800+30"]

1. e4 e5 2. Nf3 Nc6 3. Bc4 Bc5 4. d3 Nf6 5. c3 d6 6. Bg5 a6 {[%emt 0:01:47] C54: Giuoco Piano: 4 c3 Nf6, main lines with 5 d4 and 5 d3.} 7. Nbd2 Ba7 8. O-O h6 {[%emt 0:01:16] The position is equal.} 9. Bh4 g5 10. Bg3 Na5 11. Bd5 c6 {[%emt 0:03:09] [#]} ({Better is} 11... O-O $11) 12. Bxf7+ $1 $14 Kxf7 13. b4 {[%emt 0:00:10] [#]} Kg7 $146 ({Predecessor:} 13... Be6 14. Qa4 b5 15. Qxa5 Qxa5 16. bxa5 Nh5 17. Bxe5 dxe5 18. Nxe5+ Ke8 19. Nxc6 Nf4 {½-½ (57) Sorroche Lupion,F (2361)-Marcotulli,G (2200) SEMI email 2001}) 14. bxa5 Nh5 15. d4 Nxg3 16. fxg3 Qxa5 $2 {[%emt 0:02:10][%mdl 8192] [#]} (16... Be6 $14) 17. Nxg5 $1 $18 hxg5 18. Qf3 {[%emt 0:00:35] Qf7+ would kill now.} Qc7 {[%emt 0:00:21] Prevents Qf7+.} 19. Qf6+ Kh7 20. Nf3 Kg8 21. Nxg5 {[%emt 0:01:32][%csl Gf1][%cal Rf6f8] White mates.} Bg4 22. Ne6 Bxe6 23. Qxe6+ Kg7 24. Qg4+ Kh7 25. Rf5 Qg7 26. Rh5+ Qh6 27. Qd7+ {[%emt 0:00:27] Black got outplayed after the opening.  Weighted Error Value: White=0.01 (flawless) /Black=0.48} (27. Rf1 $142 Rhf8 28. Qd7+ Kg8 29. Rxf8+ Rxf8 30. Rxh6 Bxd4+ 31. cxd4 Rf6 32. Rxf6 exd4 33. Qf7+ Kh8 34. Rh6#) 1-0

[Event "Summer Chess Classic-B 2022"]
[Site "Saint Louis"]
[Date "2022.06.10"]
[Round "9.2"]
[White "Zhou, Jianchao"]
[Black "Checa, Nicolas"]
[Result "0-1"]
[ECO "D32"]
[WhiteElo "2589"]
[BlackElo "2533"]
[Annotator "TA"]
[PlyCount "111"]
[EventDate "2022.05.31"]
[EventType "tourn"]
[EventCountry "USA"]
[SourceTitle "playchess.com"]
[Source "ChessBase"]
[SourceQuality "1"]
[TimeControl "40/5400+30:1800+30"]

1. c4 e6 2. Nf3 Nf6 3. Nc3 d5 4. e3 c5 5. cxd5 exd5 6. d4 Nc6 7. Bb5 a6 8. Bxc6+ bxc6 9. O-O Bd6 10. dxc5 Bxc5 11. b3 O-O 12. Bb2 {[%emt 0:00:36] D32: Tarrasch Defence: Sidelines and lines without g3.} Bd6 13. Rc1 Bg4 14. Ne2 {[%emt 0:11:41] White is slightly better.} Bxf3 15. gxf3 Rc8 16. Ng3 Re8 17. Qd3 a5 18. Rc2 Be5 {[%emt 0:12:08] [#]} (18... Re6 $11 {keeps the balance.}) 19. Bxe5 $146 ({Predecessor:} 19. Ba3 Re6 20. f4 Bb8 21. Rfc1 Nd7 22. Qxd5 cxd5 23. Rxc8 Re8 24. Rxd8 Rxd8 25. Nf5 {1-0 (33) Johansen,D (2409)-Dale,A (2321) Canberra 2015}) 19... Rxe5 20. Rfc1 (20. Qd4 $5 Qd6 21. Qa4 $14) 20... Re6 {[%emt 0:01:29] [#]} (20... Qb6 $1 $14) 21. Ne2 $1 $18 Nh5 (21... Ne8 $142) 22. Nd4 Rg6+ 23. Kf1 Qh4 24. Rxc6 Qh3+ 25. Ke2 Rf8 (25... Rgxc6 $16 {was necessary.} 26. Rxc6 Rf8) 26. Qf5 Qxh2 27. Rxg6 (27. Qxd5 $6 Ng3+ 28. Kd3 Rxc6 29. Qxc6 Nh1 $11) (27. Kd3 $142 {Rc8 is the strong threat.} Rxc6 28. Nxc6 (28. Rxc6 g6 $14)) 27... hxg6 $16 28. Qg4 {[%emt 0:00:04] Against Ng3+} ({Much worse is} 28. Qxd5 $6 Re8 29. Qb5 (29. Qxa5 Nf4+ 30. Kd1 Nd3 $15) 29... Rxe3+ 30. Kxe3 Qf4+ 31. Kd3 Qxc1 $11) 28... Kh7 (28... Re8 $142) 29. f4 (29. a4 $16) 29... Re8 $11 {[%emt 0:03:47] White must now prevent ...Nxf4+.} 30. Qf3 Nxf4+ $1 31. Kd2 Nh5 32. Qxf7 Nf6 33. Ke2 {[%emt 0:00:21] aiming for Rc6.} Ne4 ({Resist} 33... Rxe3+ 34. Kxe3 Qh6+ 35. f4 Qh3+ 36. Nf3 d4+ 37. Kxd4 (37. Kf2 $2 Ne4+ 38. Ke2 Qg2+ 39. Kd3 Qxf3+ 40. Kxd4 Nd6 $19) 37... Qxf3 38. Rc7 Qxf4+ 39. Kc5 Qe5+ 40. Kc6 $18) (33... Qg2 $11) 34. Rc7 (34. a3 $1 $14) 34... Qe5 $1 35. Qf4 {[%emt 0:01:04] And now Qxe5 would win.} Qxf4 36. exf4 $14 {[%emt 0:00:03][%mdl 4096] Endgame KRN-KRN} Nc3+ 37. Kd2 Nxa2 {[%emt 0:00:07] [#]} ({Black should try} 37... Ne4+ $1 $14 38. Ke2 Nc3+ 39. Kf3 Nxa2) 38. f3 (38. Ra7 $1 $16) 38... Ra8 $1 $11 39. Ne6 Kh6 40. Nxg7 Rf8 41. Ne6 Rf6 42. Re7 Nb4 43. Re8 Kh7 {[%emt 0:01:16] Inhibits Rh8+.} 44. Ke3 Nc2+ 45. Kd3 Ne1+ 46. Kd4 Ng2 47. Kxd5 Nxf4+ 48. Nxf4 Rxf4 {[%emt 0:00:07] KR-KR} 49. Re3 Kh6 50. Re5 $2 (50. Rc3 $11) 50... Rb4 $2 (50... Rxf3 $19 {Threatens to win with ...Rf5.} 51. Ke4 Rxb3 52. Rxa5 g5) 51. Re3 {[%emt 0:00:26] The position is equal.} g5 52. Ke5 Kh5 53. Kf6 Rf4+ 54. Kg7 Kh4 55. Kg6 Rb4 56. Re6 {[%emt 0:01:10][%mdl 32768] What a bad dream for Black.  Weighted Error Value: White=0.34/Black=0.26 (precise) . Loss on time!?} 0-1

[Event "Summer Chess Classic-B 2022"]
[Site "Saint Louis"]
[Date "2022.06.10"]
[Round "9.4"]
[White "Antipov, Mikhail Al."]
[Black "Ali Marandi, Cemil Can"]
[Result "1-0"]
[ECO "C77"]
[WhiteElo "2592"]
[BlackElo "2532"]
[Annotator "TA"]
[PlyCount "115"]
[EventDate "2022.05.31"]
[EventType "tourn"]
[EventCountry "USA"]
[SourceTitle "playchess.com"]
[Source "ChessBase"]
[SourceQuality "1"]
[TimeControl "40/5400+30:1800+30"]

1. e4 e5 2. Nf3 Nc6 3. Bb5 a6 4. Ba4 Nf6 5. d3 d6 6. c3 g6 7. Nbd2 Bg7 8. Nf1 O-O 9. Ng3 Re8 {[%emt 0:01:26] C77: Ruy Lopez: 3...a6 4 Ba4 Nf6, unusual lines.} 10. h3 h6 11. O-O d5 {[%emt 0:00:49] The position is equal.} 12. Re1 {[%emt 0:07:23] [#]} dxe4 $146 ({Predecessor:} 12... b5 13. Bb3 Bb7 14. Qe2 dxe4 15. dxe4 Na5 16. Bc2 Qe7 17. b4 Nc4 18. Nd2 Nxd2 19. Bxd2 {1-0 (93) Nakamura,H (2736)-Esipenko,A (2716) Chess.com INT 2021}) 13. dxe4 Qxd1 14. Rxd1 b5 15. Bc2 Bf8 16. Nd2 Nd7 (16... Kg7 {is interesting.} 17. Nf3 Bd6 18. Be3 Be6) 17. Ngf1 Nb6 18. Ne3 Be6 19. Nf3 Red8 20. Rxd8 Rxd8 21. Ng4 Bxg4 22. hxg4 Kg7 23. Kf1 a5 24. Ke2 Bc5 25. a4 b4 26. Bb3 (26. Bd3 $5 ) 26... bxc3 27. bxc3 f6 (27... Rb8 $14) 28. Ne1 $16 Bd4 29. Bb2 {[%emt 0:02:29] Nd3 is the strong threat.} Bxf2 30. Nd3 Bh4 31. Nc5 Kh7 32. Ne6 Rb8 33. Ba3 Nd8 34. Nxc7 {[%emt 0:00:23] White is more active.} Rc8 35. Nb5 Nc4 36. Rd1 Ne6 37. Rd7+ Kh8 38. Be7 $1 {[%emt 0:00:55][%cal Og2g3] And now g3! would win.} Nf4+ (38... Nc5 $16 39. Bxc5 Rxc5) 39. Kf3 $18 Ne6 $2 (39... Bg5 {keeps fighting.} 40. g3 Ne6) 40. g3 (40. Na7 $142 Nb6 41. Nxc8 (41. Bxe6 Rxc3+ 42. Ke2 Nxd7 $11) (41. Bxf6+ $2 Bxf6 42. Nxc8 Ng5+ 43. Ke3 Nxd7 $19) 41... Ng5+ 42. Ke2 Nxd7 43. Bd5) 40... Bg5 41. Ke2 {[%emt 0:09:46] aiming for Na7.} Nc5 42. Bxc5 Rxc5 43. Nc7 {[%emt 0:01:01] Threatens to win with Rd8+.} Nb6 44. Rd8+ Kh7 45. Bg8+ Kh8 46. Bb3+ Kh7 47. Bg8+ Kh8 48. Be6+ Kh7 49. Nb5 h5 $2 (49... Nxa4 $2 50. Rd7+ Kh8 51. Nd6 $18 (51. Rd8+ Kg7 $16)) (49... f5 $14 50. Rd6 Nxa4 51. Rd7+ Kh8 52. exf5 gxf5) 50. Rb8 ({Resist} 50. gxh5 $6 Rc6 51. Nd6 gxh5 $16) 50... Nxa4 {[%emt 0:00:35][%cal Oc5b5] White must now prevent ...Rxb5!} 51. Rb7+ Kh6 $2 {[%emt 0:00:20] [#]} (51... Kh8 {was worth a try.} 52. c4 Rc6) 52. Nd6 $1 Nxc3+ 53. Kd3 {[%emt 0:02:02][%cal Od6f5] Intending Nf5+! and mate.} Bc1 54. Nf7+ Kg7 $2 (54... Kh7 55. gxh5 gxh5 56. Nd6+ Kh8) 55. Nxe5+ {[%emt 0:00:07][%mdl 64] Discovered Attack} Kh6 56. g5+ fxg5 {[%emt 0:00:29] [#]} 57. Ng4+ $1 hxg4 {[%emt 0:00:09] [#]} 58. Bg8 $1 {[%emt 0:00:02] Weighted Error Value: White=0.15 (very precise) /Black=0.34} 1-0

[Event "Summer Chess Classic-B 2022"]
[Site "Saint Louis"]
[Date "2022.06.10"]
[Round "9.5"]
[White "Yoo, Christopher Woojin"]
[Black "Burke, John M"]
[Result "1-0"]
[ECO "D31"]
[WhiteElo "2535"]
[BlackElo "2579"]
[Annotator "TA"]
[PlyCount "123"]
[EventDate "2022.05.31"]
[EventType "tourn"]
[EventCountry "USA"]
[SourceTitle "playchess.com"]
[Source "ChessBase"]
[SourceQuality "1"]
[TimeControl "40/5400+30:1800+30"]

1. d4 d5 2. c4 e6 3. Nc3 c6 4. e4 dxe4 5. Nxe4 Bb4+ 6. Bd2 Qxd4 7. Bxb4 Qxe4+ 8. Be2 Na6 9. Bd6 Qxg2 {[%emt 0:01:29] D31: Queen's Gambit Declined: Semi-Slav without ...Nf6 (+ Marshall Gambit and Noteboom) and Exchange Variation lines without ...Nf6.} 10. Qd2 $1 Nf6 (10... Qxh1 11. O-O-O e5 12. Bxe5 $18) 11. Bf3 Qg6 {[%emt 0:00:04] The position is equal.} 12. O-O-O e5 $1 (12... Ne4 $2 13. Bxe4 Qf6 14. Nf3 $18) 13. Bxe5 {[%emt 0:00:07][%csl Gd1][%cal Rd2d8] [#] A strong pair of Bishops.} Be6 14. Ne2 Qf5 15. Bf4 Qc5 16. Nc3 Qxc4 {[%emt 0:06:23] [#] aiming for ...Nb4.} 17. Be2 {[%emt 0:00:11] [#]} Qb4 $146 ({Predecessor:} 17... Qc5 18. Bd6 Qa5 19. Bxa6 Qxa6 20. Ba3 Nd7 21. Rhe1 O-O-O 22. Be7 Bg4 23. Bxd8 Rxd8 {0-1 (29) Grigoryan,A (2506)-Yudin,S (2562) Moscow 2009}) 18. Bxa6 bxa6 19. Bd6 Qb7 20. Bc5 Nd5 21. Ne4 {[%emt 0:02:05] Hoping for Nd6+.} O-O-O $1 22. Nd6+ $1 Rxd6 $1 23. Bxd6 Rd8 24. Ba3 Bg4 25. Rde1 Bf5 26. Re5 (26. Qd4 $11) 26... Bg6 (26... Qd7 $1 $15) 27. Qd4 f6 28. Re2 Qc7 {[%emt 0:18:28] Threatens to win with ...Nf4.} 29. Rd2 Re8 30. b3 Kb7 {[%emt 0:05:33] White must now prevent ...Re4.} 31. f3 {[%emt 0:02:20] Against Re4} Re3 32. Rf1 Qc8 33. Kb2 Qh3 (33... Qc7 $11) 34. Rc1 $16 {[%emt 0:05:39][%cal Oc1c6] Rxc6! is the strong threat.} Qf5 35. Bf8 Re6 ({Less strong is} 35... Rxf3 36. Rxc6 Qe5 37. Rc5 $16) 36. Bxg7 Qxf3 37. Qc5 Bd3 38. Bf8 {[%emt 0:01:50] And now Bd6 would win. The board is on fire.} Qe3 39. Qa5 Qxd2+ 40. Qxd2 $18 Re2 41. Qxe2 Bxe2 {[%emt 0:30:03][%mdl 4096] Endgame KRB-KBN} 42. Rg1 Bd3 43. Rg7+ Kb6 44. Bd6 Bg6 45. b4 {[%emt 0:00:00] Strongly threatening Bc5+.} a5 46. bxa5+ Kxa5 47. Rxa7+ Kb6 48. Ra8 c5 49. Rc8 Nb4 50. a3 ({And not} 50. Bxc5+ Kb7 51. Bxb4 Kxc8 $11) 50... Nc6 51. Kc3 Kb5 (51... Be4 {keeps fighting.} 52. a4 f5) 52. a4+ Kb6 53. Rf8 Nb4 (53... Ne5 {was necessary.} 54. Rxf6 Nd7) 54. Rb8+ Ka7 55. Rb5 Nd5+ 56. Kb3 Bf7 57. Rxc5 Ka6 58. a5 f5 59. Kc4 Nc7+ 60. Kc3 Nd5+ 61. Kd4 Nb4 62. Rc7 {[%emt 0:00:00] Weighted Error Value: White=0.03 (flawless) /Black=0.32} 1-0